[Event "2nd ESNAICC Women 2024"]
[Site "Andorra la Vella"]
[Date "2024.06.26"]
[Round "6.3"]
[White "Nevska, Gerda"]
[Black "De la Riva Real, Ariadna"]
[Result "0-1"]
[ECO "B27"]
[WhiteElo "1872"]
[BlackElo "1774"]
[Annotator "NA RC"]
[PlyCount "154"]
[EventDate "2024.06.24"]
[EventType "tourn"]
[EventCountry "AND"]
[SourceTitle "playchess.com"]
[Source "ChessBase"]
[SourceQuality "1"]
[TimeControl "40/5400+30:1800+30"]

1. e4 c5 2. Nf3 g6 3. d4 cxd4 4. Qxd4 Nf6 5. e5 Nc6 6. Qa4 Nd5 7. c3 Bg7 8. Qe4 Nc7 9. Nbd2 {[%emt 0:11:41] B27: Sicilian: 2 Nf3, unusual Black 2nd moves.} O-O 10. Bc4 d5 11. exd6 exd6 12. Qh4 Re8+ 13. Kf1 Bf6 14. Qh6 Bf5 15. Nb3 Bg7 16. Qh4 d5 17. Qxd8 Raxd8 18. Be2 Ne6 19. Be3 d4 20. cxd4 Nexd4 21. Nbxd4 Nxd4 22. Bxd4 Bxd4 23. Bb5 Bxb2 24. Bxe8 Bxa1 25. Ba4 Bd3+ 26. Kg1 Bc4 27. h4 Bxa2 28. h5 Rc8 29. Kh2 Bg7 30. Kg3 Bd5 31. h6 Bf8 32. Rd1 Be6 33. Ng5 Bf5 34. f3 Bxh6 35. Ne4 Bxe4 36. fxe4 Rc4 37. Bb5 Rxe4 38. Rd7 a6 39. Bd3 Re3+ 40. Kf2 b5 41. Rd5 Kf8 42. g4 Re6 43. g5 Bg7 44. Rd8+ Ke7 45. Rb8 Rd6 46. Ke2 h5 47. Rb7+ Ke6 48. Bc2 Bc3 49. Ke3 f6 50. Bxg6 fxg5 51. Bxh5 b4 52. Be2 a5 53. Bc4+ Kf6 54. Bb3 Ra6 55. Rh7 Ra8 56. Rh6+ Kg7 57. Rc6 a4 58. Rc7+ Kh6 59. Rc6+ Kg7 60. Rc7+ Kf6 61. Rc6+ Ke7 62. Bd5 Ra5 63. Bc4 Kd7 64. Rh6 b3 65. Rh2 b2 66. Ba2 Rb5 67. Rh1 Re5+ 68. Kd3 Ba5 69. Rg1 Bb6 70. Rg4 $19 a3 71. Rb4 Bc5 72. Rb8 Re1 73. Kc2 Bd6 74. Rb5 g4 75. Rb7+ Kc6 76. Rg7 g3 77. Rg4 Rc1+ 0-1

[Event "2nd ESNAICC Women 2024"]
[Site "Andorra la Vella"]
[Date "2024.06.26"]
[Round "6.4"]
[White "Thornton, Filipina"]
[Black "Muratet Carmona, Julia"]
[Result "0-1"]
[ECO "D31"]
[WhiteElo "1787"]
[BlackElo "1834"]
[Annotator "NA RC"]
[PlyCount "93"]
[EventDate "2024.06.24"]
[EventType "tourn"]
[EventCountry "AND"]
[SourceTitle "playchess.com"]
[Source "ChessBase"]
[SourceQuality "1"]
[TimeControl "40/5400+30:1800+30"]

1. d4 d5 2. c4 e6 3. Nc3 h6 4. e3 Nf6 5. Bd3 dxc4 6. Bxc4 a6 7. Nge2 b5 8. Bd3 c5 9. Ne4 cxd4 10. Nxd4 Bb7 11. Nxf6+ Qxf6 12. O-O Bd6 13. Nxb5 axb5 14. Bxb5+ Ke7 15. Qe2 Rd8 16. f4 Na6 17. e4 Qd4+ 18. Be3 Qxe4 19. Bd3 Qxe3+ 20. Qxe3 Bc5 21. Qxc5+ Nxc5 22. Bb5 Rd2 23. Rf2 Rxf2 24. Kxf2 Bd5 25. a4 Rb8 26. g3 Rc8 27. b4 Nb3 28. Rd1 Rc2+ 29. Ke3 Rxh2 30. Be2 Rg2 31. g4 Rg3+ 32. Kf2 Rc3 33. b5 Na5 34. b6 Bb7 35. Bb5 Rf3+ 36. Ke2 Rxf4 37. Rd7+ Kf6 38. Rc7 Rxg4 39. Be8 g5 40. Rxf7+ Ke5 41. Rc7 Kd6 42. Rd7+ Kc5 43. Re7 Bd5 44. Rh7 Rh4 45. Rd7 Kxb6 46. Rd6+ Kc5 47. Ra6 0-1

[Event "2nd ESNAICC Women 2024"]
[Site "Andorra la Vella"]
[Date "2024.06.26"]
[Round "6.5"]
[White "Zvereva, Marija"]
[Black "Ruddy, Rachel"]
[Result "1-0"]
[ECO "C70"]
[WhiteElo "2040"]
[BlackElo "1719"]
[Annotator "NA RC"]
[PlyCount "79"]
[EventDate "2024.06.24"]
[EventType "tourn"]
[EventCountry "AND"]
[SourceTitle "playchess.com"]
[Source "ChessBase"]
[SourceQuality "1"]
[TimeControl "40/5400+30:1800+30"]

1. e4 e5 2. Nf3 Nc6 3. Bb5 a6 4. Ba4 b5 5. Bb3 Bb7 6. d3 h6 7. O-O Nf6 8. Nc3 Bc5 9. Be3 Ba7 10. a4 Bxe3 11. fxe3 b4 12. Nd5 a5 13. Nxf6+ gxf6 14. Nh4 Qe7 15. Nf5 Qf8 16. Qh5 Rh7 17. Ng3 Qg7 18. Qf5 O-O-O 19. Qxf6 Rf8 20. Qxg7 Rxg7 21. Rf6 Rh7 22. Raf1 Nd8 23. Nf5 h5 24. Ne7+ Kb8 25. Ng6 Rg8 26. Nxe5 Rhg7 27. R1f2 Bc8 28. Bxf7 Nxf7 29. Rxf7 Rxf7 30. Rxf7 d6 31. Nc6+ Kb7 32. Nxa5+ Kb6 33. Nc4+ Kc6 34. Kf2 Be6 35. Rf6 Bxc4 36. dxc4 Rg4 37. Kf3 Rg8 38. b3 Rg5 39. Rf5 Rg8 40. Rxh5 1-0

[Event "2nd ESNAICC Women 2024"]
[Site "Andorra la Vella"]
[Date "2024.06.27"]
[Round "7.2"]
[White "Muratet Carmona, Julia"]
[Black "Zvereva, Marija"]
[Result "1/2-1/2"]
[ECO "A85"]
[WhiteElo "1834"]
[BlackElo "2040"]
[Annotator "NA RC"]
[PlyCount "76"]
[EventDate "2024.06.24"]
[EventType "tourn"]
[EventCountry "AND"]
[SourceTitle "playchess.com"]
[Source "ChessBase"]
[SourceQuality "1"]
[TimeControl "40/5400+30:1800+30"]

1. d4 f5 2. c4 Nf6 3. Nc3 e6 4. Bg5 h6 5. Bf4 g5 6. Be5 d6 7. Bxf6 $11 Qxf6 8. e3 Bg7 9. Qh5+ Kf8 10. Nb5 Qe7 11. O-O-O a6 12. Nc3 Bd7 13. Qf3 Nc6 14. Nge2 Bf6 15. g4 fxg4 16. Qxg4 b5 17. Ng3 bxc4 18. Bxc4 d5 19. Bb3 Na5 20. f4 Nxb3+ 21. axb3 Ke8 22. Nh5 Kd8 23. Nxf6 Qxf6 24. fxg5 Qxg5 25. Qxg5+ hxg5 26. Rdg1 Rh5 27. Na4 Bxa4 28. bxa4 Ke7 29. Rg2 Rah8 30. Kd2 Kd6 31. b4 Rb8 32. Rb1 c6 33. Kd3 Rbh8 34. Rbb2 e5 35. dxe5+ Kxe5 36. Rbc2 R8h6 37. Rcf2 Rh7 38. Rc2 R7h6 1/2-1/2

[Event "2nd ESNAICC Women 2024"]
[Site "Andorra la Vella"]
[Date "2024.06.27"]
[Round "7.3"]
[White "De la Riva Real, Ariadna"]
[Black "Thornton, Filipina"]
[Result "0-1"]
[ECO "B22"]
[WhiteElo "1774"]
[BlackElo "1787"]
[Annotator "NA RC"]
[PlyCount "58"]
[EventDate "2024.06.24"]
[EventType "tourn"]
[EventCountry "AND"]
[SourceTitle "playchess.com"]
[Source "ChessBase"]
[SourceQuality "1"]
[TimeControl "40/5400+30:1800+30"]

1. e4 c5 2. Nf3 e6 3. c3 d5 4. exd5 Qxd5 5. d4 Nf6 6. Bb5+ Nc6 7. O-O Bd7 8. b3 cxd4 9. Bc4 Qh5 10. cxd4 Bd6 11. Nc3 Ne7 12. Ne5 Qh4 13. g3 Qh3 14. f3 Ng6 15. Re1 Rc8 16. Bf1 Qh5 17. g4 Qh4 18. Nb5 Bb8 19. Ba3 h5 20. Rc1 hxg4 21. Rxc8+ Bxc8 22. Qc2 Bd7 23. Nd6+ Bxd6 24. Bxd6 Qxe1 25. Nxg6 Qe3+ 26. Kg2 gxf3+ 27. Kh1 f2 28. Ne5 Ng4 29. Nxd7 Qf3+ 0-1

[Event "2nd ESNAICC Women 2024"]
[Site "Andorra la Vella"]
[Date "2024.06.27"]
[Round "7.4"]
[White "Henderson de La Fuente, Andrea"]
[Black "Nevska, Gerda"]
[Result "0-1"]
[ECO "B00"]
[WhiteElo "1966"]
[BlackElo "1872"]
[Annotator "NA RC"]
[PlyCount "76"]
[EventDate "2024.06.24"]
[EventType "tourn"]
[EventCountry "AND"]
[SourceTitle "playchess.com"]
[Source "ChessBase"]
[SourceQuality "1"]
[TimeControl "40/5400+30:1800+30"]

1. e4 Nc6 2. d4 e5 3. d5 Nce7 4. Nf3 Ng6 5. h4 h5 $1 6. Bg5 f6 7. Be3 Bb4+ 8. c3 Bd6 $16 9. Be2 Nf4 10. Bf1 Ng6 11. g3 N6e7 12. a3 b6 13. b4 a5 14. Nbd2 Nh6 15. Nh2 g6 16. Nc4 Nf7 17. g4 axb4 18. axb4 Rxa1 19. Qxa1 b5 20. Nd2 c6 21. Be2 cxd5 22. gxh5 gxh5 23. Bxb5 d4 24. cxd4 Bxb4 25. dxe5 fxe5 26. Nhf3 Ng6 27. Qa4 Ba5 28. Qa2 Qc7 29. Qe6+ Ne7 30. Ng5 Nxg5 31. Bxg5 Bb4 32. Bxe7 Qc1+ 33. Ke2 Qxd2+ 34. Kf3 Qf4+ 35. Kg2 Qxe4+ 36. Kh2 Bxe7 37. Kg3 Rf8 38. Qb3 Qg4+ 0-1

[Event "2nd ESNAICC Women 2024"]
[Site "Andorra la Vella"]
[Date "2024.06.27"]
[Round "7.5"]
[White "Berend, Elvira"]
[Black "Markidou, Christianna"]
[Result "1-0"]
[ECO "A20"]
[WhiteElo "2230"]
[BlackElo "1676"]
[Annotator "RC"]
[PlyCount "99"]
[EventDate "2024.06.24"]
[EventType "tourn"]
[EventCountry "AND"]
[SourceTitle "playchess.com"]
[Source "ChessBase"]
[SourceQuality "1"]
[TimeControl "40/5400+30:1800+30"]

1. c4 e5 2. d3 Nf6 3. Nf3 Nc6 4. g3 d5 5. cxd5 Nxd5 6. Bg2 h6 7. O-O Be7 8. Nbd2 O-O 9. a3 a5 10. Nc4 Bf6 11. h3 b5 12. Ncd2 a4 13. Ne4 Be7 14. Bd2 f5 15. Nc3 Rb8 16. Nxe5 Nxc3 17. Bxc3 Nxe5 18. Bxe5 Bf6 19. Bxf6 Rxf6 20. Rc1 Bb7 21. Qc2 Bxg2 22. Kxg2 c6 23. Qc5 Qb6 24. Qxb6 Rxb6 25. f4 Kf7 26. Kf3 Ke6 27. Rc5 Kd7 28. g4 g6 29. Rfc1 b4 30. Ra5 bxa3 31. bxa3 Rb2 32. Rxa4 Re6 33. Re1 Rb3 34. Rg1 Rb2 35. Rg2 c5 36. gxf5 gxf5 37. Rg7+ Kc6 38. Ra6+ Rb6 39. Rxb6+ Kxb6 40. Rf7 Kb5 41. Rxf5 Rc6 42. d4 Ka4 43. Rxc5 Ra6 44. d5 Kxa3 45. e4 Kb4 46. Rc1 h5 47. e5 Ra3+ 48. Ke4 Rxh3 49. d6 Rh2 50. Rd1 1-0

[Event "2nd ESNAICC Women 2024"]
[Site "Andorra la Vella"]
[Date "2024.06.28"]
[Round "8.2"]
[White "Nevska, Gerda"]
[Black "Berend, Elvira"]
[Result "1/2-1/2"]
[ECO "B20"]
[WhiteElo "1872"]
[BlackElo "2230"]
[Annotator "RC"]
[PlyCount "63"]
[EventDate "2024.06.24"]
[EventType "tourn"]
[EventCountry "AND"]
[SourceTitle "playchess.com"]
[Source "ChessBase"]
[SourceQuality "1"]
[TimeControl "40/5400+30:1800+30"]

1. e4 c5 2. a3 e5 3. Bc4 Be7 4. Nc3 Nf6 5. d3 O-O 6. f4 exf4 7. Bxf4 d6 8. Nd5 Nxd5 9. Bxd5 Qb6 10. Nf3 Nd7 11. O-O Nf6 12. Bc4 Qd8 13. e5 dxe5 14. Bxe5 Bd7 15. Qe2 Bc6 16. Rae1 Bd6 17. Qd2 Bxf3 18. Bxf6 Qxf6 19. Rxf3 Qxb2 20. a4 Be5 21. Ref1 Bf6 22. Kh1 Kh8 23. g4 Bc3 24. Qg2 Rae8 25. Bxf7 Re1 26. Rxe1 Bxe1 27. Qe2 Bh4 28. Bg6 Bf6 29. Be4 g6 30. Kg2 Kg7 31. Bd5 Qd4 32. Qe4 1/2-1/2

[Event "2nd ESNAICC Women 2024"]
[Site "Andorra la Vella"]
[Date "2024.06.28"]
[Round "8.3"]
[White "Thornton, Filipina"]
[Black "Henderson de La Fuente, Andrea"]
[Result "0-1"]
[ECO "A41"]
[WhiteElo "1787"]
[BlackElo "1966"]
[Annotator "NA RC"]
[PlyCount "84"]
[EventDate "2024.06.24"]
[EventType "tourn"]
[EventCountry "AND"]
[SourceTitle "playchess.com"]
[Source "ChessBase"]
[SourceQuality "1"]
[TimeControl "40/5400+30:1800+30"]

1. d4 d6 2. c4 e5 3. dxe5 dxe5 4. Qxd8+ Kxd8 5. Nc3 c6 6. Bg5+ f6 7. O-O-O+ Kc7 8. Be3 (8. Bd2 $15) 8... Be6 9. b3 Ba3+ 10. Kb1 Na6 11. Bc1 Bc5 12. f3 $15 h5 13. e4 Nb8 14. Nge2 h4 15. f4 Bg4 16. h3 Bh5 17. fxe5 fxe5 18. Rd3 Nf6 19. g3 Bg6 20. Bg2 Nbd7 21. gxh4 Rxh4 22. Rhd1 Nf8 23. Ng3 Ne6 24. Nf5 Nxe4 25. Rd7+ Kc8 26. Bxe4 Rxe4 27. Nd6+ Kxd7 28. Ndxe4+ Bd4 29. Kb2 Bxe4 30. Rxd4+ exd4 31. Nxe4 Rh8 32. Nf2 Kd6 33. Kc2 Ke5 34. Kd3 c5 35. Bd2 Nf4+ 36. Kc2 Nxh3 37. Nd3+ Kd6 38. b4 b6 39. b5 Rf8 40. a4 g5 41. a5 g4 42. Be1 Rf3 0-1

[Event "2nd ESNAICC Women 2024"]
[Site "Andorra la Vella"]
[Date "2024.06.28"]
[Round "8.4"]
[White "Zvereva, Marija"]
[Black "De la Riva Real, Ariadna"]
[Result "1-0"]
[ECO "B25"]
[WhiteElo "2040"]
[BlackElo "1774"]
[Annotator "NA RC"]
[PlyCount "61"]
[EventDate "2024.06.24"]
[EventType "tourn"]
[EventCountry "AND"]
[SourceTitle "playchess.com"]
[Source "ChessBase"]
[SourceQuality "1"]
[TimeControl "40/5400+30:1800+30"]

1. e4 c5 2. Nf3 g6 3. g3 Bg7 4. Bg2 Nf6 5. Nc3 Nc6 6. d3 O-O 7. O-O d6 8. h3 Rb8 9. a4 a6 10. Be3 $11 h6 11. Qd2 Kh7 12. e5 Ne8 13. Rab1 b6 14. exd6 Nxd6 15. Rfe1 e5 16. Ng5+ hxg5 17. Bxc6 Bxh3 18. Bxg5 Qc8 19. Bh1 f6 20. Be3 Rh8 21. Nd5 Qe6 22. a5 Kg8 23. Nxb6 Qf5 24. Bd5+ Kf8 25. Bxc5 Ke7 26. Bxd6+ Ke8 27. Bxb8 Bg4 28. Qc3 Bf3 29. Qc6+ Kd8 30. Bc7+ Ke7 31. Bd6+ 1-0

[Event "2nd ESNAICC Women 2024"]
[Site "Andorra la Vella"]
[Date "2024.06.28"]
[Round "8.5"]
[White "Ruddy, Rachel"]
[Black "Muratet Carmona, Julia"]
[Result "0-1"]
[ECO "D02"]
[WhiteElo "1719"]
[BlackElo "1834"]
[Annotator "NA RC"]
[PlyCount "84"]
[EventDate "2024.06.24"]
[EventType "tourn"]
[EventCountry "AND"]
[SourceTitle "playchess.com"]
[Source "ChessBase"]
[SourceQuality "1"]
[TimeControl "40/5400+30:1800+30"]

1. d4 d5 2. Nf3 Nf6 3. Bf4 Bf5 4. Nbd2 e6 5. c4 Nc6 6. a3 Bd6 7. e3 Bxf4 8. exf4 Qd6 9. g3 Bg4 10. c5 Qe7 11. Nb3 O-O 12. Bg2 a5 13. O-O a4 14. Nc1 b6 15. b4 axb3 16. Nxb3 Ne4 17. cxb6 cxb6 18. Qc1 Rfc8 19. Qb2 Na5 20. Nxa5 bxa5 21. Ne5 Rab8 22. Qa2 Bf5 23. g4 Bg6 24. Nxg6 hxg6 25. Qe2 Nd6 26. a4 Qf6 27. Qe5 Nc4 28. Qxf6 gxf6 29. f5 Rb2 30. Rfd1 Rcb8 31. fxe6 fxe6 32. Bf1 R8b4 33. h4 Nd2 34. Rxd2 Rxd2 35. Kg2 Rdxd4 36. f3 f5 37. Be2 Rb2 38. Kf1 fxg4 39. fxg4 Rf4+ 40. Ke1 Re4 41. Ra3 Rexe2+ 42. Kf1 Ra2 0-1

[Event "2nd ESNAICC Women 2024"]
[Site "Andorra la Vella"]
[Date "2024.06.29"]
[Round "9.2"]
[White "De la Riva Real, Ariadna"]
[Black "Ruddy, Rachel"]
[Result "0-1"]
[ECO "C41"]
[WhiteElo "1774"]
[BlackElo "1719"]
[Annotator "NA RC"]
[PlyCount "70"]
[EventDate "2024.06.24"]
[EventType "tourn"]
[EventCountry "AND"]
[SourceTitle "playchess.com"]
[Source "ChessBase"]
[SourceQuality "1"]
[TimeControl "40/5400+30:1800+30"]

1. e4 e5 2. Nf3 d6 3. d4 Nd7 4. Bc4 h6 5. Nc3 c6 6. O-O Ngf6 7. dxe5 dxe5 8. a4 Be7 9. h3 Qc7 10. Be3 g5 11. Nh2 Nf8 12. f3 Ng6 13. Ne2 Nf4 14. Ng3 h5 15. Nf5 Bxf5 16. exf5 Bd6 17. h4 gxh4 18. Bxf4 exf4 19. Qe1+ Be7 20. Qe2 O-O-O 21. Bxf7 Bc5+ 22. Kh1 Qxf7 23. Qe5 Bd6 24. Qa5 Kb8 25. Qc3 Nd5 26. Qb3 Qxf5 27. a5 a6 28. Rfe1 h3 29. Re2 Rhg8 30. Rae1 Qg5 31. Rg1 Bc5 32. Qa2 Bxg1 33. Kxg1 hxg2 34. Qb1 Ne3 35. Re1 Qc5 0-1

[Event "2nd ESNAICC Women 2024"]
[Site "Andorra la Vella"]
[Date "2024.06.29"]
[Round "9.3"]
[White "Henderson de La Fuente, Andrea"]
[Black "Zvereva, Marija"]
[Result "1-0"]
[ECO "A43"]
[WhiteElo "1966"]
[BlackElo "2040"]
[Annotator "NA RC"]
[PlyCount "63"]
[EventDate "2024.06.24"]
[EventType "tourn"]
[EventCountry "AND"]
[SourceTitle "playchess.com"]
[Source "ChessBase"]
[SourceQuality "1"]
[TimeControl "40/5400+30:1800+30"]

1. d4 Nf6 2. Nf3 c5 3. d5 e6 4. Nc3 d6 5. e4 a6 6. a4 {[%emt 0:00:13] A43: Schmid Benoni.} Be7 {[%emt 0:06:01] is the legacy move (6...exd5).} 7. Be2 exd5 8. Nxd5 Nxd5 9. Qxd5 Nc6 10. Bc4 $146 ({Predecessor:} 10. Bf4 Be6 11. Qd2 Qb6 12. O-O Rd8 13. a5 Qa7 14. c4 O-O 15. Rfd1 f6 16. Ra3 {1-0 Barseghyan,A (1748)-Yerkenov,T (1925) Wch U10 Al Ain 2013 (11)}) 10... Be6 11. Qd3 O-O 12. O-O Nb4 13. Qb3 Bxc4 14. Qxc4 b5 15. axb5 axb5 16. Rxa8 Qxa8 17. Qxb5 Qxe4 18. c3 Nd3 19. Be3 Bf6 $11 20. Rd1 c4 21. Nd2 Qg4 22. Ra1 d5 23. Qxd5 Nxb2 24. Ne4 Be7 25. Qb7 Qe6 26. Ra6 Qe5 27. Bd4 Qf4 28. Ra1 Bd8 29. g3 Qf5 30. Bc5 Re8 31. Nd6 Qxc5 32. Qxf7+ 1-0

[Event "2nd ESNAICC Women 2024"]
[Site "Andorra la Vella"]
[Date "2024.06.29"]
[Round "9.4"]
[White "Berend, Elvira"]
[Black "Thornton, Filipina"]
[Result "1-0"]
[ECO "E68"]
[WhiteElo "2230"]
[BlackElo "1787"]
[Annotator "RC"]
[PlyCount "63"]
[EventDate "2024.06.24"]
[EventType "tourn"]
[EventCountry "AND"]
[SourceTitle "playchess.com"]
[Source "ChessBase"]
[SourceQuality "1"]
[TimeControl "40/5400+30:1800+30"]

1. d4 Nf6 2. c4 g6 3. Nf3 Bg7 4. g3 d6 5. Bg2 O-O 6. O-O Nbd7 7. Nc3 h6 8. e4 e5 9. Re1 Nh5 10. Rb1 exd4 11. Nxd4 Ne5 12. Qe2 c6 13. Be3 Qf6 14. f3 Qe7 15. Bf2 Be6 16. b3 c5 17. Nxe6 fxe6 18. f4 Nc6 19. Qd3 Qf6 20. Rbc1 Rad8 21. Rf1 a6 22. Kh1 g5 23. Qd1 Qg6 24. f5 Qe8 25. fxe6 Nf6 26. Bh3 Ne5 27. Bf5 g4 28. Be3 Qh5 29. e7 Nf3 30. Rf2 Nh7 31. exd8=Q Rxd8 32. Qd5+ 1-0

[Event "2nd ESNAICC Women 2024"]
[Site "Andorra la Vella"]
[Date "2024.06.29"]
[Round "9.5"]
[White "Markidou, Christianna"]
[Black "Nevska, Gerda"]
[Result "0-1"]
[ECO "B41"]
[WhiteElo "1676"]
[BlackElo "1872"]
[Annotator "NA RC"]
[PlyCount "118"]
[EventDate "2024.06.24"]
[EventType "tourn"]
[EventCountry "AND"]
[SourceTitle "playchess.com"]
[Source "ChessBase"]
[SourceQuality "1"]
[TimeControl "40/5400+30:1800+30"]

1. e4 c5 2. Nf3 a6 3. a4 e6 4. d4 cxd4 5. Nxd4 Nf6 6. Bd3 e5 7. Nf3 d5 8. Nbd2 dxe4 9. Nxe4 Bg4 10. h3 Bh5 11. Nxf6+ gxf6 12. O-O Nc6 13. c3 Qd7 14. Be4 Bd6 15. Qd3 Bg6 16. Nh4 Bxe4 17. Qxe4 Ne7 18. Rd1 O-O-O 19. Be3 Qe6 20. Nf3 Rhg8 21. Kh2 f5 22. Rxd6 Rxd6 23. Qxe5 Qxe5+ 24. Nxe5 f6 25. Nf3 Nd5 26. Rd1 Rd7 27. Bd4 Kd8 28. c4 Nf4 29. Bxf6+ Ke8 30. Re1+ Kf8 31. Nh4 Kf7 32. Bc3 Nd3 33. Re2 Rg5 34. Nf3 Rg6 35. Re3 Rgd6 36. Nh4 f4 37. Re4 Re6 38. Rxe6 Kxe6 39. Nf3 Nxf2 40. h4 Ne4 41. Be1 Rd3 42. b4 Ra3 43. a5 Nd6 44. c5 Ne4 45. Nd4+ Kd5 46. Nf5 Ke5 47. Nd6 Nxd6 48. cxd6 Kxd6 49. Bf2 Kd5 50. Bc5 Rc3 51. Be7 Kc6 52. h5 Kb5 53. Bd6 f3 54. g4 Rc4 55. Kg3 Rxg4+ 56. Kxf3 Rh4 57. Kg3 Rxh5 58. Kg4 Rd5 59. Bf8 Rd4+ 0-1